 Dungeon Crawl Stone Soup version 0.30-a0-800-g7c544603b3 (webtiles) character file.

Game seed: 7940968530972109347

11 oldriver the Shooter (level 2, 0/25 HPs)
             Began as a Meteoran Hunter on Feb 22, 2023.
             Slain by a giant cockroach (2 damage)
             ... on level 1 of the Dungeon.
             The game lasted 00:00:45 (79 turns).

oldriver the Shooter (Meteoran Hunter)                Turns: 79, Time: 00:00:46

Health: 0/25       AC:  3    Str: 12    XL:     2   Next: 52%
Magic:  3/3        EV: 12    Int: 10    God:
Gold:   0          SH:  0    Dex: 17    Spells: 1/1 levels left

rFire   . . .      SeeInvis .    a - +0 shortbow
rCold   . . .      Faith    .    (shield currently unavailable)
rNeg    . . .      Spirit   .    c - +0 leather armour
rPois   .          Reflect  .    (no helmet)
rElec   .          Harm     .    (no cloak)
rCorr   .          Rampage  .    (no gloves)
Will    .....                    (no boots)
Stlth   +                        (no amulet)
HPRegen 0.24/turn                (no ring)
MPRegen 0.08/turn                (no ring)

@: glowing
A: sense surroundings 1, otherworldly, glowing, explore regen
a: no special abilities


You were on level 1 of the Dungeon.
You visited 1 branch of the dungeon, and saw 1 of its levels.

Inventory:

Hand Weapons
 a - a +0 shortbow (weapon)
Armour
 c - a +0 leather armour (worn)
Scrolls
 b - a scroll of immolation


   Skills:
 + Level 2.4 Fighting
 * Level 4.7 Ranged Weapons
 + Level 2.7 Dodging
 - Level 0.6 Stealth


You had one spell level left.
You didn't know any spells.
Your spell library was empty.

Dungeon Overview and Level Annotations

Branches:
Dungeon (1/15) Zot: 507

Altars:


Innate Abilities, Weirdness & Mutations

You passively map a small area around you.
You are easily found by Zot.
You glow in the dark.
You regain HP and MP as you explore.


Message History

Fire: a) +0 shortbow
Press: ? - help, Shift-Dir - straight line, f/p - bat
Aim: a bat (moderately wounded, 50% to hit)
You shoot an arrow.
The arrow hits the bat but does no damage.
The bat is moderately wounded.
The bat barely misses you.
The giant cockroach bites you but does no damage.
The kobold hits you with a +0 dagger.
Fire: a) +0 shortbow
Press: ? - help, Shift-Dir - straight line, f/p - bat
Aim: a bat (moderately wounded, 50% to hit)
You shoot an arrow. The arrow hits the bat.
The bat is severely wounded.
The giant cockroach bites you but does no damage.
The rat bites you but does no damage. The kobold hits you with a +0 dagger.
The bat hits you but does no damage.
The giant cockroach bites you but does no damage.
The rat closely misses you. The bat hits you but does no damage.
The kobold hits you with a +0 dagger.
* * * LOW HITPOINT WARNING * * *
Fire: a) +0 shortbow
Press: ? - help, Shift-Dir - straight line, f/p - bat
Aim: a bat (severely wounded, 50% to hit)
You shoot an arrow. The arrow barely misses the bat.
The bat hits you but does no damage. The bat hits you.
* * * LOW HITPOINT WARNING * * *
The giant cockroach misses you. The rat barely misses you.
The kobold hits you but does no damage. The giant cockroach barely misses you.
Fire: a) +0 shortbow
Press: ? - help, Shift-Dir - straight line, f/p - bat
Aim: a bat (severely wounded, 50% to hit)
You shoot an arrow. The arrow hits the bat.
You kill the bat!
The rat bites you.
* * * LOW HITPOINT WARNING * * *
The kobold hits you with a +0 dagger.
* * * LOW HITPOINT WARNING * * *
The giant cockroach bites you.
You die...

, , , , , ,
,....,..., , , , ,
,... ... , , ..#..#
* ... , , , ...#.##
*.. , ,..
#....####.#####.# ..
#......#.....#..#..
##KBr..........#..##
#?.@†...........#...
#....>.............
#...............##.
#..................#
#......)...†.....##.
#................#..
##.)...........#....
##.....#..)..##....
##..###....##.....


You could see a giant cockroach, a kobold and a rat.

Vanquished Creatures
  2 ball pythons (D:1)
  2 endoplasms (D:1)
  A hobgoblin (D:1)
  A kobold (D:1)
  A quokka (D:1)
  3 bats (D:1)
  A rat (D:1)
11 creatures vanquished.

Notes
Turn   | Place    | Note
-------+----------+-------------------------------------------
     0 | D:1      | oldriver the Meteoran Hunter began the quest for the Orb.
     0 | D:1      | Reached XP level 1. HP: 17/17 MP: 2/2
    31 | D:1      | Reached XP level 2. HP: 25/25 MP: 3/3
    79 | D:1      | Slain by a giant cockroach

Illustrated notes

Levels and vault maps discovered:
D:1:      mrwooster_arrival_statue_3, layout_rooms

Action                     || total
---------------------------++-------
   Fire: Shortbow          ||    43
    Use: Scroll            ||     1
 Armour: Leather armour    ||    26
  Dodge: Dodged            ||    19

Table legend: (Time is in decaauts)
 A = Elapsed time spent in this place.
 B = Non-inter-level travel time spent in this place.
 C = Inter-level travel time spent in this place.
 D = Time resting spent in this place.
 E = Time spent auto-exploring this place.
 F = Levels seen in this place.
 G = Mean time per level.
                   A        B        C        D        E       F      G
               +--------+--------+--------+--------+--------+-----+--------+
         Total |     91 |     91 |      0 |      0 |      0 |   1 |   91.0 |
       Dungeon |     91 |     91 |      0 |      0 |      0 |   1 |   91.0 |
               +--------+--------+--------+--------+--------+-----+--------+

Top non-repeatable levels by time:
     D:1: 91 daAuts
